 Dungeon Crawl Stone Soup version 0.26-a0-154-g3d63440f56 (webtiles) character file.

Game seed: 6340656422197082515

8 Gargoyl the Skirmisher (level 2, 21/26 HPs)
             Began as a Centaur Abyssal Knight on July 1, 2020.
             Was an Initiate of Lugonu.
             Quit the game on level 1 of the Dungeon.
             The game lasted 00:02:15 (1096 turns).

Gargoyl the Skirmisher (Centaur Abyssal Knight)     Turns: 1096, Time: 00:02:16

Health: 21/26      AC:  8    Str: 14    XL:     2   Next: 0%
Magic:  3/3        EV:  1    Int: 11    God:    Lugonu [......]
Gold:   20         SH:  0    Dex:  8    Spells: 1/1 levels left

rFire    . . .     SeeInvis .   a - +1 hand axe
rCold    . . .     Faith    .   (no shield)
rNeg     . . .     Spirit   .   e - +0 plate armour
rPois    .         Reflect  .   (no helmet)
rElec    .         Harm     .   (no cloak)
rCorr    .                      (no gloves)
MR       .....                  (no barding)
Stlth    ..........             d - amulet of inaccuracy (curse)
HPRegen  0.08/turn              (no ring)
MPRegen  0.08/turn              (no ring)

@: very quick
A: large, hooves 3, deformed body, speed 2, tough skin 3
a: Renounce Religion


You were on level 1 of the Dungeon.
You worshipped Lugonu.
Lugonu was noncommittal.
You were not hungry.

You visited 1 branch of the dungeon, and saw 1 of its levels.
You visited the Abyss 1 time.

You collected 20 gold pieces.

Inventory:

Hand Weapons
 a - a +1 hand axe (weapon)
Armour
 e - a +0 plate armour (worn)
Jewellery
 d - a cursed amulet of inaccuracy (around neck)
Scrolls
 b - a scroll of remove curse {unknown}
Comestibles
 c - 3 rations


   Skills:
 + Level 3.2 Fighting
 + Level 1.8 Axes
 * Level 1.6 Armour
 * Level 0.7 Dodging
 * Level 2.1 Invocations


You had one spell level left.
You didn't know any spells.
Your spell library was empty.

Dungeon Overview and Level Annotations

Branches:
Dungeon (1/15)

Altars:


Innate Abilities, Weirdness & Mutations

You have hooves in place of feet.
Armour fits poorly on your strangely shaped body.
You cover ground very quickly.
You have extremely tough skin. (AC +3)


Message History

The bat hits you but does no damage. The bat hits you but does no damage.
Your plate armour prevents you from hitting the bat.
The bat hits you but does no damage. The bat hits you but does no damage.
The bat hits you but does no damage.
You miss the bat. The bat hits you but does no damage.
The bat completely misses you. The bat hits you but does no damage.
The bat hits you.
Your plate armour prevents you from hitting the bat.
The bat hits you but does no damage. x2
The bat hits you but does no damage. The bat hits you but does no damage.
You closely miss the bat. Your kick misses the bat.
The bat hits you but does no damage. The bat hits you.
The bat hits you but does no damage.
You miss the bat. The bat hits you but does no damage.
The bat hits you but does no damage.
Are you sure you want to abandon this character and quit the game? (Confirm with "yes".)

##############.# ...
###.....# #.# ..#
..........# #.# ...
..........########.#
...................#
.......).........#
##.###..........##
...#.b......###'###
.......@###.# #.#
...####...#.# #.# #
#..##.# #.# #.....#
#.. #.##..# ###
...#.#.. ...#...##
...#...# #####. .#


You could see a bat.

Vanquished Creatures
  A dart slug (D:1)
  A bat (D:1)
  2 kobolds (D:1)
  A frilled lizard (D:1)
  A goblin (D:1)
6 creatures vanquished.

Vanquished Creatures (others)
  2 starspawn tentacles (Abyss:2)
2 creatures vanquished.

Grand Total: 8 creatures vanquished

Notes
Turn   | Place    | Note
-------+----------+-------------------------------------------
     0 | Abyss:1  | Gargoyl the Centaur Abyssal Knight began the quest for the
                  | Orb.
     0 | Abyss:1  | Reached XP level 1. HP: 19/19 MP: 2/2
    87 | Abyss:1  | Noticed a small abomination
   103 | Abyss:1  | Found a corrupted altar of Lugonu.
   140 | Abyss:1  | Noticed a worldbinder
   141 | Abyss:1  | Noticed a ynoxinul
   142 | Abyss:1  | Noticed a small abomination
   142 | Abyss:1  | Noticed a wraith
   143 | Abyss:1  | Noticed an orc priest
   144 | Abyss:1  | Noticed an orc priest
   147 | Abyss:1  | Noticed a warg
   152 | Abyss:1  | Noticed an orc priest
   152 | Abyss:1  | Noticed an orc priest
   152 | Abyss:1  | Noticed a troll
   166 | Abyss:1  | Noticed a warg
   169 | Abyss:1  | Noticed an orc priest
   169 | Abyss:1  | Noticed a troll
   179 | Abyss:1  | Noticed a ynoxinul
   181 | Abyss:1  | Noticed an orc priest
   183 | Abyss:1  | Noticed an orc priest
   183 | Abyss:1  | Noticed a troll
   183 | Abyss:1  | Noticed a warg
   190 | Abyss:1  | Noticed a vampire
   216 | Abyss:1  | Found a corrupted altar of Lugonu.
   272 | Abyss:1  | Noticed a red draconian shifter
   297 | Abyss:1  | Noticed a titan simulacrum
   298 | Abyss:1  | Noticed a thrashing horror
   338 | Abyss:1  | Noticed a ynoxinul
   355 | Abyss:1  | Noticed a small abomination
   365 | Abyss:1  | Noticed a small abomination
   373 | Abyss:2  | Found a corrupted altar of Lugonu.
   376 | Abyss:2  | Noticed an iron imp
   378 | Abyss:2  | Noticed a tentacled starspawn
   381 | Abyss:2  | Noticed an iron imp
   396 | D:1      | Escaped the Abyss
   584 | D:1      | Reached * piety under Lugonu
  1057 | D:1      | Reached XP level 2. HP: 26/26 MP: 3/3
  1096 | D:1      | Quit the game

Illustrated notes

Levels and vault maps discovered:
D:1:      dpeg_arrival_rooms_with_view, layout_basic, moated_statue,
          evilmike_ruin_ashenzari

Action                   || total
-------------------------++-------
Melee: Hand axe          ||    98
       Kick              ||     2
Invok: Depart the Abyss  ||     1
  Use: Scroll            ||     3
       Potion            ||     1
Armor: Plate armour      ||   227
       Leather armour    ||     2
Dodge: Dodged            ||    13

Table legend:
 A = Non-vault XP
 B = Vault XP
 C = Vault XP percentage of total XP
 D = Non-vault monster count
 E = Vault monster count
 F = Vault count percentage of total count
                 A         B        C        D         E       F
            +---------+---------+-------+---------+---------+-------
      Total |      11 |       1 |   8.3 |       5 |       1 |  16.7
            +---------+---------+-------+---------+---------+-------
        D:1 |      11 |       1 |   8.3 |       5 |       1 |  16.7
            +---------+---------+-------+---------+---------+-------
